 Dungeon Crawl Stone Soup version 0.26.0-10-g1f06aea511 (webtiles) character file.

Game seed: 14324405126658714501

111 RaHiT the Covert (level 4, -6/31 HPs)
             Began as an Octopode Delver on Jan 14, 2021.
             Mangled by an orc warrior
             ... wielding a +0 glaive
              (17 damage)
             ... on level 3 of the Dungeon.
             The game lasted 00:18:48 (2187 turns).

RaHiT the Covert (Octopode Delver)                  Turns: 2187, Time: 00:18:49

Health: -6/31      AC:  1    Str: 11    XL:     4   Next: 92%
Magic:  5/5        EV: 13    Int: 13    God:
Gold:   118        SH:  0    Dex: 13    Spells: 5/5 levels left

rFire    . . .     SeeInvis .     - Unarmed
rCold    . . .     Faith    .   (no shield)
rNeg     . . .     Spirit   .   (helmet restricted)
rPois    .         Reflect  .   (no amulet)
rElec    .         Harm     .   (no ring)
rCorr    .         Rampage  .   (no ring)
Will     .....                  (no ring)
Stlth    +++++.....             (no ring)
HPRegen  0.10/turn              (no ring)
MPRegen  0.09/turn              (no ring)
                                (no ring)
                                (no ring)

@: no status effects
A: almost no armour, stealthy swim, amphibious, 8 rings, constrict 8, camouflage
1, gelatinous body 1
a: no special abilities


You were on level 3 of the Dungeon.
You visited 1 branch of the dungeon, and saw 5 of its levels.

You collected 118 gold pieces.

Inventory:

Missiles
 f - 56 arrows
 h - 35 poisoned darts (quivered)
 l - 91 stones
 s - 2 boomerangs
Wands
 e - a wand of digging (3)
Scrolls
 a - a scroll of fog
 b - a scroll of immolation {unknown}
 c - a scroll of fear
 d - a scroll of amnesia {unknown}
 i - a scroll of remove curse {unknown}
 j - a scroll of enchant weapon
 p - a scroll of identify {unknown}
 r - a scroll of enchant armour {unknown}
Potions
 g - a potion of cancellation {unknown}
 k - a potion of heal wounds {unknown}
 m - 2 potions of berserk rage {unknown}
 n - a potion of invisibility {unknown}
 o - a potion of curing {unknown}
 q - 2 potions of might {unknown}


   Skills:
 - Level 3.0 Fighting
 + Level 2.0 Dodging
 - Level 8.0 Stealth
 * Level 2.9 Unarmed Combat
 - Level 1.0 Spellcasting
 + Level 1.9 Evocations


You had 5 spell levels left.
You didn't know any spells.
Your spell library was empty.

Dungeon Overview and Level Annotations

Branches:
Dungeon (5/15)
 Temple: D:4-7

Altars:
Qazlal

Shops:
D:4 *

Annotations:
D:2 Natasha


Innate Abilities, Weirdness & Mutations

You cannot wear most types of armour.
You are very stealthy in the water. (Stealth+)
You are amphibious.
You can wear up to eight rings at the same time.
You can use your tentacles to constrict eight enemies at once.
Your skin changes colour to match your surroundings (Stealth+).
Your rubbery body absorbs attacks. (AC +1, EV +1)


Message History

Ouch! That really hurt!
* * * LOW HITPOINT WARNING * * *
There is an escape hatch in the ceiling here.
There is a stone staircase leading up here.
The orc warrior looks more healthy.
Throw: 37 darts (poison)
Press: ? - help, Q - select action, (/) - cycle Shift-Dir - straight line, f/p - orc warrior
Aim: an orc warrior, wielding a +0 glaive and wearing a +3 chain mail of fire resistance (almost dead)
You throw a poisoned dart.
The poisoned dart barely misses the orc warrior.
The orc warrior barely misses you.
Throw: 36 darts (poison)
Press: ? - help, Q - select action, (/) - cycle Shift-Dir - straight line, f/p - orc warrior
Aim: an orc warrior, wielding a +0 glaive and wearing a +3 chain mail of fire resistance (almost dead)
You throw a poisoned dart. The poisoned dart hits the orc warrior.
The orc warrior is poisoned.
The orc warrior is almost dead.
The orc warrior hits you from afar with a +0 glaive!
Ouch! That really hurt!
You die...

.# .# .#######
)..รท...#######
.####........#####
.####..##........#
.##.......#(.###o#
.##.#..#..#..# #.#
.##.#..####..# #@#
.......####..# #.#
(...<.....o..# #.#
.##.##..<...##
#.###
.#.#.#......#
#...#
..###.......#
###.#
.#.#.#......# #.#
.##.##......# #.#
.......###### #.#


You could see an orc warrior (poisoned).

Vanquished Creatures
  Robin (D:2)
  A gnoll (D:1)
  An adder (D:2)
  3 worms
  A dart slug (D:1)
  2 leopard geckos
  2 orcs (D:3)
  A giant cockroach (D:2)
  17 goblins
  5 hobgoblins
  4 jackals (D:3)
  7 kobolds
  2 quokkas
  9 bats
  2 frilled lizards
  3 rats
61 creatures vanquished.

Notes
Turn   | Place    | Note
-------+----------+-------------------------------------------
     0 | D:5      | RaHiT the Octopode Delver began the quest for the Orb.
     0 | D:5      | Reached XP level 1. HP: 16/16 MP: 1/1
    18 | D:4      | Found Suqacarr's General Store.
    36 | D:3      | Noticed an orc wizard
    37 | D:3      | Noticed an orc warrior
   114 | D:3      | Found a stormy altar of Qazlal.
   146 | D:3      | Reached XP level 2. HP: 18/21 MP: 2/2
   199 | D:2      | Noticed Robin
   222 | D:2      | Killed Robin
   223 | D:2      | Reached skill level 7 in Stealth
   223 | D:2      | Reached skill level 1 in Evocations
   330 | D:2      | Reached skill level 1 in Spellcasting
   330 | D:2      | Reached XP level 3. HP: 15/26 MP: 4/4
   414 | D:2      | Noticed Natasha
   797 | D:1      | You fall into a shaft and drop 1 floor!
   811 | D:2      | Reached XP level 4. HP: 28/31 MP: 5/5
  1783 | D:3      | Reached skill level 8 in Stealth
  2187 | D:3      | Mangled by an orc warrior

Illustrated notes

Levels and vault maps discovered:
D:1:      minmay_arrival_nine_rooms, layout_basic
D:2:      layout_loops_ring, minmay_misc_feat_x, nrook_mini_vaults, uniq_robin,
          uniq_natasha
D:3:      layout_loops_cross, old_standard_altar
D:4:      layout_gridville, cheibrodos_sewer_entry_bend, serial_shops,
          shop_statue, shop, kennysheep_mini_moat, shop_fountains,
          chequers_arboretum
D:5:      layout_basic, nicolae_dithmenos_through_a_glass_darkly

Skill      XL: |  1  2  3  4 |
---------------+-------------+-----
Stealth        | 7 8 |  8.0
Evocations     | 1 |  1.9
Spellcasting   | 1 |  1.0
Fighting       | |  3.0
Dodging        | |  2.0
Unarmed Combat | |  2.9

Action                   |  1- 3 |  4- 6 || total
-------------------------+-------+-------++-------
Melee: Unarmed           |    82 |    71 ||   153
       Constrict         |    19 |    18 ||    37
       Tentacles         |    13 |    12 ||    25
       Punch             |     1 |     2 ||     3
Throw: Dart              |     5 |    16 ||    21
       Stone             |       |     1 ||     1
  Use: Scroll            |     1 |     1 ||     2
       Potion            |     1 |       ||     1
 Stab: Sleeping          |     8 |    10 ||    18
       Distracted        |       |     2 ||     2
Armor: Skin              |     8 |     2 ||    10
Dodge: Dodged            |    55 |    31 ||    86
